 Dungeon Crawl Stone Soup version 0.28.0-43-g3370ac3207 (webtiles) character file.

Game seed: 17235554078136580010

35258 pkoi the Zephyrmancer (level 13, -8/162 HPs)
             Began as a Demigod Air Elementalist on Mar 24, 2022.
             Mangled by a minotaur
             ... wielding the +6 Majin-Bo {vamp, MP+6 Int+6}
              (18 damage)
             ... in a Gauntlet.
             The game lasted 00:33:40 (34629 turns).

pkoi the Zephyrmancer (Demigod Air Elementalist)   Turns: 34629, Time: 00:33:40

Health: -8/162     AC: 15    Str: 17    XL:     13   Next: 16%
Magic:  3/29       EV: 22    Int: 36    God:
Gold:   750        SH:  0    Dex: 20    Spells: 12/28 levels left

rFire   . . .      SeeInvis +   r - +2 falchion (elec)
rCold   . . .      Faith    .   (no shield)
rNeg    . . .      Spirit   .   u - +1 steam dragon scales
rPois   .          Reflect  .   l - +2 helmet of Benni {Dex+4 Slay+2 SInv}
rElec   .          Harm     .   t - +2 cloak
rCorr   .          Rampage  .   S - +0 pair of gloves "Humaxol" {Int+3 Dex+2}
Will    +....      NoTele   +   (no boots)
Stlth   ..........              (no amulet)
HPRegen 0.37/turn               g - +4 ring of evasion
MPRegen 0.21/turn               s - +6 ring of strength

@: berserking, very quick
A: high MP 1, forlorn, divine attributes, fangs 1, strong 1, MP-powered wands
a: no special abilities


You were in a Gauntlet.
You visited 3 branches of the dungeon, and saw 16 of its levels.
You also visited: Gauntlet.

You collected 921 gold pieces.
You spent 171 gold pieces at shops.

Inventory:

Hand Weapons
 d - a +0 dagger
 h - a +2 dagger of freezing
 j - a +2 scimitar of holy wrath
 r - a +2 falchion of electrocution (weapon)
 y - the +0 short sword "Orb Guardian's Peril" {freeze, rC++}
   (You found it on level 9 of the Dungeon)

   It freezes those it strikes, dealing additional cold damage.
   It can also slow down cold-blooded creatures.
   rC:        It greatly protects you from cold.
Missiles
 e - 2 curare-tipped darts
 n - 2 throwing nets
Armour
 l - the +2 helmet of Benni (worn) {Dex+4 Slay+2 SInv}
   (You acquired it on level 1 of the Lair of Beasts)

   Dex:       It affects your dexterity (+4).
   Slay:      It affects your accuracy & damage with ranged weapons and melee
   (+2).
   SInv:      It lets you see invisible.
 t - a +2 cloak (worn)
 u - +1 steam dragon scales (worn)
 w - a +2 hat
 R - the +4 helmet of Zeocs {Contam rPois rF+}
   (You found it in a Gauntlet)

   rF:        It protects you from fire.
   rPois:     It protects you from poison.
   Contam:    It causes magical contamination when unequipped.
 S - the +0 pair of gloves "Humaxol" (worn) {Int+3 Dex+2}
   (You found it in a Gauntlet)

   Int:       It affects your intelligence (+3).
   Dex:       It affects your dexterity (+2).
Jewellery
 g - a +4 ring of evasion (left hand)
 p - a +4 ring of evasion
 s - a +6 ring of strength (right hand)
 v - a ring of wizardry
 x - an amulet of guardian spirit
 E - a ring of fire
 H - a ring of see invisible
 I - a +6 ring of dexterity
 N - a ring of protection from cold
 P - a +4 ring of evasion
Wands
 a - a wand of iceblast (3)
 J - a wand of flame (11)
 L - a wand of paralysis (7)
Scrolls
 c - 2 scrolls of blinking
 i - 7 scrolls of teleportation
 o - 3 scrolls of identify
 z - a scroll of magic mapping
 A - a scroll of holy word
 D - a scroll of fear
 F - 4 scrolls of brand weapon
 G - a scroll of enchant weapon
 K - a scroll of enchant armour
Potions
 b - 4 potions of haste
 f - a potion of resistance
 k - 3 potions of attraction
 m - 2 potions of heal wounds
 q - 4 potions of brilliance
 C - 2 potions of might
 O - 2 potions of invisibility
 Q - 2 potions of flight
Miscellaneous
 B - a lightning rod (1/4)


   Skills:
 + Level 8.4 Fighting
 + Level 7.0 Armour
 + Level 8.8 Dodging
 - Level 1.7 Stealth
 + Level 8.4 Spellcasting
 - Level 0.8 Conjurations
 + Level 2.0 Translocations
 + Level 12.6 Air Magic
 - Level 6.0 Poison Magic


You had 12 spell levels left.
You knew the following spells:

 Your Spells              Type           Power      Damage    Failure   Level
a - Shock                 Conj/Air       100%       1d9       1%          1
b - Static Discharge      Conj/Air       59%        N/A       1%          2
c - Airstrike             Air            41%        N/A       1%          4
d - Poisonous Vapours     Pois/Air       100%       N/A       1%          2
e - Swiftness             Air            82%        N/A       1%          3
f - Passage of Golubria   Tloc           30%        N/A       12%         4

Your spell library contained the following spells:

 Spells                   Type           Power      Damage    Failure   Level
 Magic Dart               Conj           84%        1d7       1%          1
 Corpse Rot               Necr/Air       100%       N/A       1%          2
 Searing Ray              Conj           42%        2d6       3%          2
 Portal Projectile        Hex/Tloc       44%        N/A       5%          3
 Silence                  Hex/Air        28%        N/A       5%          5
 Call Canine Familiar     Summ           15%        N/A       9%          3
 Tukima's Dance           Hex            15%        N/A       9%          3
 Fulminant Prism          Conj/Hex       9%         3d7       22%         4
 Anguish                  Hex/Necr       7%         N/A       26%         4
 Leda's Liquefaction      Hex/Erth       7%         N/A       26%         4
 Summon Forest            Summ/Tloc      11%        N/A       45%         5
 Eringya's Noxious Bog    Tmut/Pois      18%        N/A       77%         6
 Enfeeble                 Hex            7%         N/A       100%        7
 Summon Hydra             Summ           7%         N/A       100%        7
 Lehudib's Crystal Spear  Conj/Erth      9%         10d4      100%        8


Dungeon Overview and Level Annotations

Branches:
Dungeon (9/15)             Temple (1/1) D:5            Lair (6/6) D:8
  Swamp (0/4) Lair:3       Spider (0/4) Lair:4          Orc (0/2) D:9
Gauntlet (1/1)
  Slime: Lair:5-6

Shops:
D:1 :   D:2 !   D:3 *[!(!!   D:5 !   D:9 *

Annotations:
D:2 1 runed translucent door, Crazy Yiuf
Lair:3 3 runed translucent doors, styxcanada's ghost, journeyman SpBr Gauntlet 10 transporters, exclusion: ice statue


Innate Abilities, Weirdness & Mutations

You have an increased reservoir of magic. (+10% MP)
You shall have no god before yourself.
Your divine heritage dramatically boosts your attributes as you level up.
You have very sharp teeth.
Your muscles are strong. (Str +2)
You expend magic power (3 MP) to strengthen your wands.


Message History

You hit the minotaur but do no damage. You bite the minotaur.
The minotaur is almost dead.
The minotaur hits you with the +6 Majin-Bo {vamp, MP+6 Int+6}!!
* * * LOW HITPOINT WARNING * * *
The minotaur draws strength from your wounds!
The minotaur gores you.
* * * LOW HITPOINT WARNING * * *
Aiming: Paralyse
Press: ? - help, Shift-Dir - straight line, f/p - minotaur
Aim: a minotaur, wielding the +6 Majin-Bo {vamp, MP+6 Int+6}, wearing a +0 chain mail, wearing the ring "Enuirchy" {Ice *Corrode Fly rElec Str+6} and quivering silver javelins (severely wounded, chance to affect: 2%)
Okay, then.
Unknown command.
Aiming: Thunderbolt
Press: ? - help, Shift-Dir - straight line, f/p - minotaur
Aim: a minotaur, wielding the +6 Majin-Bo {vamp, MP+6 Int+6}, wearing a +0 chain mail, wearing the ring "Enuirchy" {Ice *Corrode Fly rElec Str+6} and quivering silver javelins (severely wounded)
The thunderbolt hits the minotaur.
The minotaur resists.
The minotaur is severely wounded.
The minotaur completely misses you.
The minotaur gores you but does no damage.
Unknown command.
Aiming: Thunderbolt
Press: ? - help, Shift-Dir - straight line, f/p - minotaur
Aim: a minotaur, wielding the +6 Majin-Bo {vamp, MP+6 Int+6}, wearing a +0 chain mail, wearing the ring "Enuirchy" {Ice *Corrode Fly rElec Str+6} and quivering silver javelins (severely wounded)
The thunderbolt hits the minotaur.
The minotaur resists.
The minotaur is severely wounded.
The minotaur hits you with the +6 Majin-Bo {vamp, MP+6 Int+6}!!
* * * LOW HITPOINT WARNING * * *
The minotaur misses you.
Aiming: Thunderbolt
Press: ? - help, Shift-Dir - straight line, f/p - minotaur
Aim: a minotaur, wielding the +6 Majin-Bo {vamp, MP+6 Int+6}, wearing a +0 chain mail, wearing the ring "Enuirchy" {Ice *Corrode Fly rElec Str+6} and quivering silver javelins (severely wounded)
The thunderbolt hits the minotaur!
The minotaur resists.
The minotaur is severely wounded.
The minotaur hits you with the +6 Majin-Bo {vamp, MP+6 Int+6}!
* * * LOW HITPOINT WARNING * * *
The minotaur misses you.
A red film seems to cover your vision as you go berserk!
You feel yourself moving faster!
You feel mighty!
The minotaur hits you with the +6 Majin-Bo {vamp, MP+6 Int+6}!!
You die...

#....#≈≈≈.≈≈.≈≈#...#z#..##z#.#
###..#....≈....#...####.zzz###
#8#.§###########...###########
###.§......#©#.......#©#......
#§.......#.#..≈∩§..#.#.....§
##########.#########.#######
8# #≈...............≈# # ##
#8.8.8.8.8.8.8.8§8# #
#≈...@...........§#
###.#H#######.#.### #.#.. .#.#
#.#.## .# # #.... #.. #.. ...#


You could see a minotaur.

Vanquished Creatures
  Kirke (Lair:5)
  A centaur warrior (D:8)
  A catoblepas (Lair:2)
  5 hydras
  A two-headed ogre (D:9)
  7 death yaks
  Sonja (Lair:6)
  Maurice (D:7)
  3 black mambas
  16 cane toads
  An apocalypse crab (Gauntlet)
  A rime drake (Lair:2)
  4 komodo dragons
  A tyrant leech (Lair:3)
  2 polar bears
  A meliai (Lair:4)
  9 blink frogs
  6 dream sheep (Lair:4)
  A spriggan (Lair:5)
  A wyvern (Lair:1)
  A hog (Lair:5)
  34 yaks
  2 steam dragons
  2 basilisks (Lair:4)
  2 swamp worms (Lair:3)
  14 water moccasins
  2 small abominations (Gauntlet)
  9 orc warriors
  A sky beast (D:6)
  3 black bears
  An ice beast (D:8)
  7 ogres
  5 centaurs
  10 wolves
  2 phantoms (D:5)
  A kobold brigand (D:8)
  13 bullfrogs
  2 gnoll sergeants (D:5)
  5 scorpions
  A water moccasin zombie (D:4)
  A wyvern skeleton (D:6)
  A water moccasin skeleton (D:6)
  3 wights (D:7)
  A killer bee (Lair:4)
  2 howler monkeys
  3 electric eels
  A bullfrog zombie (D:6)
  5 hounds
  3 gnoll shamans (D:8)
  6 orc priests
  3 bullfrog skeletons
  4 jellies
  A centaur skeleton (D:6)
  4 orc wizards
  4 hell rats (Lair:5)
  Terence (D:2)
  2 hound skeletons (D:4)
  A howler monkey zombie (D:8)
  25 gnolls
  7 adders
  An adder skeleton (D:4)
  2 worms (D:2)
  2 dart slugs
  32 orcs
  7 ball pythons
  4 bats
  8 endoplasms
  3 giant cockroaches
  6 hobgoblins
  4 jackals
  2 quokkas
  4 frilled lizards
  11 goblins
  8 kobolds
353 creatures vanquished.

Vanquished Creatures (others)
  A human (Lair:5)
  14 demonic plants (Gauntlet)
  56 fungi
  83 plants
  3 withered plants (Gauntlet)
157 creatures vanquished.

Grand Total: 510 creatures vanquished

Notes
Turn   | Place    | Note
-------+----------+-------------------------------------------
     0 | D:1      | pkoi the Demigod Air Elementalist began the quest for the
                  | Orb.
     0 | D:1      | Reached XP level 1. HP: 14/14 MP: 5/5
   247 | D:1      | Reached skill level 3 in Air Magic
   621 | D:1      | Reached XP level 2. HP: 20/20 MP: 2/7
   855 | D:1      | Found Ijuton's Book Shop.
  1631 | D:2      | Learned a level 2 spell: Static Discharge
  1649 | D:2      | Reached skill level 4 in Air Magic
  1649 | D:2      | Reached XP level 3. HP: 26/26 MP: 4/8
  2050 | D:2      | Noticed Terence
  2069 | D:2      | HP: 1/26 [Terence/+1 mace of holy wrath (6)]
  2075 | D:2      | Gained mutation: Your muscles are strong. (Str +2) [potion
                  | of mutation]
  2075 | D:2      | Gained mutation: You have very sharp teeth. [potion of
                  | mutation]
  2075 | D:2      | Gained mutation: You expend magic power (3 MP) to
                  | strengthen your wands. [potion of mutation]
  2502 | D:2      | Found Xurai's Distillery.
  2511 | D:2      | Bought a potion of degeneration for 10 gold pieces
  2910 | D:2      | Killed Terence
  2911 | D:2      | Reached XP level 4. HP: 31/33 MP: 1/9
  3062 | D:2      | Found a runed translucent door.
  3063 | D:2      | Noticed Crazy Yiuf
  3165 | D:3      | Found Dujaegg's Distillery.
  3252 | D:3      | Found Dirphuk's Antique Weapon Shop.
  3658 | D:3      | Found Mioru's Distillery.
  3683 | D:3      | Found Piybuoh's Distillery.
  3717 | D:3      | Reached skill level 5 in Air Magic
  3760 | D:3      | Noticed a black bear
  3767 | D:3      | Killed a black bear
  3768 | D:3      | Reached XP level 5. HP: 29/38 MP: 2/10
  4033 | D:3      | Reached skill level 6 in Air Magic
  4193 | D:3      | Found Goxewoc's Antique Armour Shoppe.
  4199 | D:3      | Found Zin's Purification Station.
  4948 | D:4      | Noticed an ogre
  4954 | D:4      | Killed an ogre
  4955 | D:4      | Reached XP level 6. HP: 45/45 MP: 5/11
  4961 | D:4      | Learned a level 4 spell: Airstrike
  5205 | D:4      | Reached skill level 7 in Air Magic
  6356 | D:5      | Entered Level 5 of the Dungeon
  6368 | D:5      | Reached XP level 7. HP: 50/50 MP: 8/13
  6912 | D:5      | Reached skill level 8 in Air Magic
  7147 | D:5      | Reached skill level 1 in Fighting
  7905 | D:5      | Reached XP level 8. HP: 59/59 MP: 11/16
  8028 | D:5      | Found Kell's Distillery.
  8400 | D:5      | Found a staircase to the Ecumenical Temple.
  8492 | Temple   | Entered the Ecumenical Temple
  9887 | D:6      | Reached skill level 9 in Air Magic
 10399 | D:3      | Bought a glowing scimitar for 161 gold pieces
 12426 | D:8      | Reached XP level 9. HP: 70/70 MP: 14/19
 13166 | D:8      | Noticed Maurice
 13470 | D:7      | Killed Maurice
 13471 | D:7      | Reached skill level 10 in Air Magic
 13793 | D:7      | Reached skill level 5 in Spellcasting
 14194 | D:8      | Found a staircase to the Lair.
 14351 | D:8      | Noticed a centaur warrior
 14355 | D:8      | Killed a centaur warrior
 14356 | D:8      | Reached skill level 5 in Dodging
 15339 | D:8      | Reached XP level 10. HP: 80/80 MP: 8/22
 15725 | D:8      | Reached skill level 1 in Armour
 16174 | D:8      | Learned a level 2 spell: Poisonous Vapours
 16178 | D:8      | Learned a level 3 spell: Swiftness
 16262 | D:9      | Identified the +0 short sword "Orb Guardian's Peril"
                  | {freeze, rC++}
 16272 | D:9      | Noticed a two-headed ogre
 16276 | D:9      | Killed a two-headed ogre
 16277 | D:9      | Reached skill level 5 in Fighting
 16277 | D:9      | Reached skill level 1 in Poison Magic
 16414 | D:9      | Found Kuweleyh's Overcharged Wands.
 16865 | D:9      | Reached skill level 11 in Air Magic
 17536 | D:9      | Found a staircase to the Orcish Mines.
 18450 | Lair:1   | Entered Level 1 of the Lair of Beasts
 19133 | Lair:1   | Identified the +1 robe "Inotwargh" {Str+4 Int-3 SInv}
 20171 | Lair:1   | Reached XP level 11. HP: 89/89 MP: 11/24
 20185 | Lair:1   | Identified a scroll of acquirement
 20185 | Lair:1   | Acquired the +2 helmet of Benni {Dex+4 Slay+2 SInv}
 21667 | Lair:1   | Noticed an ice dragon
 22611 | Lair:2   | Noticed a catoblepas
 22822 | Lair:2   | Killed a catoblepas
 24130 | Lair:3   | Found a runed translucent gate.
 24130 | Lair:3   | Found a runed translucent gate.
 24130 | Lair:3   | Found a runed translucent gate.
 24171 | Lair:3   | Noticed styxcanada's ghost (journeyman SpBr)
 24487 | Lair:3   | Found a staircase to the Swamp.
 24945 | Lair:3   | Noticed a four-headed hydra
 24949 | Lair:3   | Killed a four-headed hydra
 25494 | Lair:3   | Reached skill level 5 in Armour
 26179 | Lair:4   | Noticed a four-headed hydra
 26899 | Lair:3   | Reached XP level 12. HP: 100/100 MP: 14/27
 26967 | Lair:4   | Killed a four-headed hydra
 27117 | Lair:4   | Reached skill level 5 in Poison Magic
 27212 | Lair:4   | Reached skill level 12 in Air Magic
 27772 | Lair:4   | Noticed a six-headed hydra
 27776 | Lair:4   | Killed a six-headed hydra
 27787 | Lair:4   | Noticed a five-headed hydra
 27804 | Lair:4   | Killed a five-headed hydra
 28031 | Lair:4   | Found a hole to the Spider Nest.
 30998 | Lair:5   | Noticed Kirke
 31709 | Lair:5   | Learned a level 4 spell: Passage of Golubria
 32279 | Lair:5   | Noticed a four-headed hydra
 32284 | Lair:5   | Killed a four-headed hydra
 32399 | Lair:5   | Killed Kirke
 32400 | Lair:5   | Reached skill level 1 in Translocations
 32400 | Lair:5   | Reached XP level 13. HP: 107/107 MP: 1/29
 33530 | Lair:6   | Entered Level 6 of the Lair of Beasts
 33611 | Lair:6   | Found a gate leading to a gauntlet.
 33794 | Lair:6   | Noticed Sonja
 33796 | Lair:6   | Found the amulet of the Four Winds {rN+ Will+++ Clar}
 33802 | Lair:6   | Killed Sonja
 33804 | Gauntlet | Entered a Gauntlet
 33804 | Gauntlet | Found a transporter.
 33804 | Gauntlet | Found a transporter.
 33921 | Gauntlet | Found a transporter.
 33921 | Gauntlet | Found a transporter.
 33930 | Gauntlet | Found a transporter.
 33949 | Gauntlet | Found a transporter.
 33957 | Gauntlet | Found the +2 cloak of the Thief {*Fog Slay-2 SInv Stlth+}
 33959 | Gauntlet | Found a transporter.
 33959 | Gauntlet | Found a transporter.
 33962 | Gauntlet | Found a transporter.
 33989 | Gauntlet | Found a transporter.
 33996 | Gauntlet | Found a transporter.
 34016 | Gauntlet | Found a transporter.
 34050 | Gauntlet | Found a transporter.
 34068 | Gauntlet | Found a transporter.
 34168 | Gauntlet | Found a transporter.
 34186 | Gauntlet | Found a transporter.
 34346 | Gauntlet | Identified the +4 helmet of Zeocs {Contam rPois rF+}
 34544 | Gauntlet | Identified the +0 pair of gloves "Humaxol" {Int+3 Dex+2}
 34616 | Gauntlet | Identified the ring "Enuirchy" {Ice *Corrode Fly rElec
                  | Str+6}
 34616 | Gauntlet | Noticed a minotaur
 34629 | Gauntlet | Mangled by a minotaur

Illustrated notes

Levels and vault maps discovered:
D:1:      lightli_arrival_noodles, layout_rooms, ebering_ecumenical_altar_hall,
          serial_shops, shop, minmay_misc_feat_five
D:2:      layout_loops_ring, serial_shops, nicolae_diamond_shop,
          serial_park_tiny_2, uniq_crazy_yiuf_cottage, uniq_terence
D:3:      layout_rooms, okawaru_ov_weapons_minmay,
          mainiacjoe_overflow_tiny_flanked, mainiacjoe_overflow_alcove_1,
          zin_purify, serial_shops, shop_fountains, nicolae_square_shop,
          nicolae_lakefront_shop, shop, nicolae_shop_trees
D:4:      layout_gridville
D:5:      layout_cave_pools, temple_doors_e, serial_shops,
          nicolae_shop_window_shopping
D:6:      layout_rooms, nicolae_hepliaklqana_hippocampus, lemuel_doored_altar,
          mainiacjoe_overflow_catwalk_spiral, nicolae_water_bricks,
          serial_park_tiny_pond
D:7:      layout_loops_corners, cheibriados_altar_1
D:8:      kennysheep_seaside_town, layout_basic,
          grunt_dithmenos_smoke_and_mirrors, lair_entry_dummy, enter_bailey_5,
          uniq_maurice
D:9:      layout_small_grid, trog_butcher_becter, grunt_gozag_breadcrumbs,
          mainiacjoe_overflow_boulevard, david_orc_4,
          nicolae_shop_overcharged_wands
Temple:   compressed_dpeg_triangle_lava_temple
Lair:1:   dragon1_lemuel, layout_layer_cave, lemuel_fruit_tree
Lair:2:   layout_chaotic_city, st_stairs_11, cheibrodos_lair_reptile_den,
          grunt_megastairs_2
Lair:3:   layout_small_grid, minmay_swamp_entry_worms, gammafunk_ghost_icy,
          serial_bayou_ford_a, serial_bayou_pond_c
Lair:4:   layout_concentric_octagons, hellmonk_spider_entry_not_the_bees,
          basic_altar, beast_lair_carwin_3
Lair:5:   layout_layer_cave, serial_bayou_pond_b, grunt_forest_stairs_clearing,
          grunt_megastairs_3, uniq_kirke
Lair:6:   minmay_lair_end_enchanted_forest, layout_gridlike,
          dpeg_slime_entry_corner, gauntlet_entry_generic, st_stairs_10,
          uniq_sonja
Gauntlet: gammafunk_gauntlet_branching [nicolae_gauntlet_arena_blocks,
          gammafunk_gauntlet_arena_grid, gammafunk_gauntlet_arena_arrow_garden,
          gammafunk_gauntlet_arena_chambers, gammafunk_gauntlet_arena_corners,
          gammafunk_gauntlet_arena_crates, nicolae_gauntlet_arena_flowing_pool,
          gammafunk_gauntlet_arena_mazey,
          nicolae_gauntlet_exit_dead_adventurers]

Skill      XL: |  1  2  3  4  5  6  7  8  9 10 11 12 13 |
---------------+----------------------------------------+-----
Air Magic      | 3 4 5 6 7 8 9 10 11 12 | 12.6
Spellcasting   | 2 3 4 5 6 7 8 |  8.4
Dodging        | 2 4 5 6 7 8 |  8.8
Fighting       | 1 3 4 5 7 8 |  8.4
Armour         | 3 5 6 7 |  7.0
Poison Magic   | 2 4 6 |  6.0
Translocations | 1 2 |  2.0
Stealth        | |  1.7
Conjurations   | |  0.8

Action                   |  1- 3 |  4- 6 |  7- 9 | 10-12 | 13-15 || total
-------------------------+-------+-------+-------+-------+-------++-------
Melee: Unarmed           |    21 |       |       |       |       ||    21
       Dagger            |    37 |     6 |       |    63 |       ||   106
       Bite              |     2 |       |     1 |    20 |     4 ||    27
       Falchion          |       |       |    19 |    32 |    25 ||    76
       Punch             |       |       |     1 |       |       ||     1
       Short sword       |       |       |       |     7 |       ||     7
 Cast: Shock             |    82 |    80 |     2 |       |       ||   164
       Airstrike         |       |    22 |   165 |   401 |    38 ||   626
       Poisonous Vapours |       |       |       |    33 |     2 ||    35
       Static Discharge  |       |       |       |     2 |     3 ||     5
Evoke: Wand              |       |       |       |     4 |       ||     4
       Lightning rod     |       |       |       |       |     3 ||     3
  Use: Scroll            |     3 |       |     9 |     9 |     3 ||    24
       Potion            |     3 |       |       |       |     2 ||     5
 Stab: Sleeping          |     1 |       |       |       |       ||     1
       Petrified         |       |       |       |     1 |       ||     1
Armor: Robe              |     5 |     2 |     1 |       |       ||     8
       Steam dragon scal |       |       |     9 |    51 |    29 ||    89
Dodge: Dodged            |    58 |    27 |    57 |   250 |   102 ||   494
